 Dungeon Crawl Stone Soup version 0.28-a0-1080-g05a166d0ed (webtiles) character file.

Game seed: 15065525370140256110

1522 siradein the Skirmisher (level 8, -4/87 HPs)
             Began as an Ogre Fighter on Dec 9, 2021.
             Was an Initiate of Yredelemnul.
             Slain by a water moccasin (7 damage)
             ... on level 6 of the Dungeon.
             The game lasted 00:16:50 (6892 turns).

siradein the Skirmisher (Ogre Fighter)              Turns: 6892, Time: 00:16:51

Health: -4/87      AC: -1    Str: 23    XL:     8   Next: 84%
Magic:  11/11      EV:  9    Int:  9    God:    Yredelemnul [......]
Gold:   94         SH:  8    Dex:  8    Spells: 7/7 levels left

rFire   . . .      SeeInvis .   v - +7 flail of the Hummingbird {vorpal, rElec}
rCold   . . .      Faith    .   c - +0 kite shield
rNeg    . . .      Spirit   .   b - +0 robe
rPois   .          Reflect  .   (helmet restricted)
rElec   +          Harm     .   (no cloak)
rCorr   .          Rampage  .   (gloves unavailable)
Will    .....                   (boots unavailable)
Stlth   +.........              r - amulet of regeneration
HPRegen 1.04/turn               (no ring)
MPRegen 0.12/turn               (no ring)

@: corroded, attractive
A: large, unfitting armour, tough skin 1
a: Renounce Religion, Recall Undead Harvest


You were on level 6 of the Dungeon.
You worshipped Yredelemnul.
Yredelemnul was noncommittal.
You visited 1 branch of the dungeon, and saw 6 of its levels.

You collected 289 gold pieces.
You spent 195 gold pieces at shops.

Inventory:

Hand Weapons
 v - the +7 flail of the Hummingbird (weapon) {vorpal, rElec}
   (You bought it in a shop on level 4 of the Dungeon)

   It inflicts extra damage upon your enemies.
   rElec:     It insulates you from electricity.
Missiles
 m - 26 poisoned darts (quivered)
Armour
 b - a +0 robe (worn)
 c - a +0 kite shield (worn)
Jewellery
 l - a ring of fire
 r - an amulet of regeneration (around neck)
Wands
 o - a wand of flame (14)
 w - a wand of paralysis (3)
Scrolls
 a - a scroll of magic mapping {unknown}
 d - a scroll of amnesia {unknown}
 e - a scroll of holy word {unknown}
 f - 2 scrolls of noise {unknown}
 g - 2 scrolls of immolation {unknown}
 j - 3 scrolls of blinking {unknown}
 t - a scroll of fog {unknown}
Potions
 h - a potion of cancellation
 i - a potion of curing
 n - a potion of might
 p - a potion of magic
 q - a potion of resistance
 s - a potion of attraction
 u - a potion of heal wounds {unknown}


   Skills:
 + Level 7.4 Fighting
 + Level 4.7 Maces & Flails
 + Level 5.2 Dodging
 + Level 5.2 Shields
 + Level 4.5 Invocations


You had 7 spell levels left.
You didn't know any spells.
Your spell library contained the following spells:

 Spells                   Type           Power      Damage    Failure   Level
 Sandblast                Erth           0%         2d4       67%         1
 Slow                     Hex            0%         N/A       67%         1
 Passwall                 Tmut/Erth      0%         N/A       80%         2
 Confusing Touch          Hex            0%         N/A       95%         3
 Stone Arrow              Conj/Erth      0%         3d7       95%         3
 Freezing Cloud           Conj/Ice/Air   0%         6-21      100%        5
 Yara's Violent Unravell  Hex/Tmut       0%         3d3       100%        5
 Simulacrum               Ice/Necr       0%         N/A       100%        6
 Polar Vortex             Ice            0%         N/A       100%        9


Dungeon Overview and Level Annotations

Branches:
Dungeon (6/15)             Temple (0/1) D:6

Altars:
Dithmenos
Fedhas
Kikubaaqudgha
Wu Jian
Yredelemnul

Shops:
D:3 [   D:4 (

Annotations:
D:3 3 runed translucent doors, rougesareth's ghost, novice GrFi


Innate Abilities, Weirdness & Mutations

You are too large for most types of armour.
You have tough skin. (AC +1)


Message History

Your ogre zombie closely misses the kobold brigand.
The water moccasin completely misses you.
The kobold completely misses you.
You miss the water moccasin. You block the kobold brigand's attack.
The water moccasin bites you.
* * * LOW HITPOINT WARNING * * *
The kobold hits you with a +0 whip.
* * * LOW HITPOINT WARNING * * *
The kobold brigand barely misses you. The water moccasin barely misses you.
Your ogre zombie hits the kobold brigand.
You swap places.
The water moccasin bites your ogre zombie.
The kobold hits your ogre zombie with a +0 whip.
The kobold brigand hits you with a +0 dagger!
* * * LOW HITPOINT WARNING * * *
You sock the kobold brigand!
The kobold brigand is almost dead.
The water moccasin bites your ogre zombie!
The kobold hits your ogre zombie with a +0 whip.
Your ogre zombie hits the kobold but does no damage.
The kobold brigand hits you with a +0 dagger!
* * * LOW HITPOINT WARNING * * *
The water moccasin bites your ogre zombie!
It was a potion of attraction.
You feel attractive to monsters.
The water moccasin bites your ogre zombie.
The kobold hits your ogre zombie with a +0 whip.
The kobold brigand hits you with a +0 dagger!
* * * LOW HITPOINT WARNING * * *
You hit the kobold brigand.
You kill the kobold brigand!
The water moccasin bites your ogre zombie!
Your ogre zombie closely misses the water moccasin.
The kobold hits your ogre zombie with a +0 whip.
Your ogre zombie is destroyed!
You hit the water moccasin.
The water moccasin is moderately wounded.
You block the water moccasin's attack. The water moccasin bites you!
You die...
Your body rises from the dead as a mindless zombie.

.. ####..... ..... ###
##..... .....
..######......
.....####.#......##.##
.........#......##.## .
.........#...........
... #........Z..#.....
....###....#......#.>...
.......@..##......#.....
......KS###.............
.......)# #.............
........# #..........(..
........# #.............
.....#### ###.......#.##
..... ..#.##.#)## .....
........<.. ....
...........


You could see a water moccasin and a kobold.

Vanquished Creatures
  Grinder (D:3)
  An ice beast (D:5)
  An ogre (D:6)
  2 centaurs (D:5)
  A kobold brigand (D:6)
  2 scorpions (D:5)
  A water moccasin skeleton (D:5)
  2 vampire bats (D:4)
  2 orc priests
  2 hounds
  2 jellies
  Natasha (twice) (D:3)
  2 iguanas
  2 orc wizards
  A hound skeleton (D:4)
  2 gnolls (D:5)
  9 adders
  A shadow imp (D:5)
  A white imp (D:6)
  An adder zombie (D:3)
  4 worms
  5 dart slugs
  8 orcs
  6 bats
  4 bat skeletons (D:4)
  A bat zombie (D:4)
  7 endoplasms
  2 giant cockroaches
  12 goblins
  6 hobgoblins (D:1)
  3 jackals (D:1)
  4 quokkas
  6 ball pythons
  5 frilled lizards
  A giant cockroach zombie (D:3)
  7 kobolds
  3 rats
122 creatures vanquished.

Vanquished Creatures (collateral kills)
  2 orc wizards
  Natasha (D:3)
  A gnoll (D:5)
  3 orcs (D:5)
  A bat zombie (D:4)
8 creatures vanquished.

Vanquished Creatures (others)
  An ogre zombie (D:6)
  A bat zombie (D:3)
  A goblin zombie (D:4)
  2 orc zombies (D:5)
  4 fungi (D:3)
  6 plants (D:3)
15 creatures vanquished.

Grand Total: 145 creatures vanquished

Notes
Turn   | Place    | Note
-------+----------+-------------------------------------------
     0 | D:1      | siradein the Ogre Fighter began the quest for the Orb.
     0 | D:1      | Reached XP level 1. HP: 24/24 MP: 1/1
   152 | D:1      | Reached XP level 2. HP: 32/32 MP: 2/2
   325 | D:1      | Reached XP level 3. HP: 15/40 MP: 3/3
  1569 | D:2      | Reached XP level 4. HP: 46/49 MP: 4/4
  2381 | D:3      | Found a runed translucent gate.
  2381 | D:3      | Found a runed translucent gate.
  2381 | D:3      | Found a runed translucent gate.
  2381 | D:3      | Noticed rougesareth's ghost (novice GrFi)
  2383 | D:3      | Found a basalt altar of Yredelemnul.
  2391 | D:3      | Became a worshipper of Yredelemnul the Dark
  2699 | D:3      | Noticed Grinder
  2733 | D:3      | Found Giniwn's Antique Armour Emporium.
  2739 | D:3      | Paralysed by Grinder for 2 turns
  2748 | D:3      | Killed Grinder
  2748 | D:3      | Reached * piety under Yredelemnul
  2749 | D:3      | Reached skill level 5 in Fighting
  2749 | D:3      | Reached skill level 1 in Invocations
  2749 | D:3      | Reached XP level 5. HP: 23/57 MP: 4/6
  2749 | D:3      | Reached XP level 6. HP: 27/66 MP: 4/7
  2750 | D:3      | Reached ** piety under Yredelemnul
  2971 | D:3      | Found a shadowy altar of Dithmenos.
  3034 | D:3      | Found a faded altar of an unknown god.
  3173 | D:3      | Noticed Natasha
  3177 | D:3      | Killed Natasha
  3254 | D:3      | Noticed Natasha
  3270 | D:3      | Killed Natasha
  3371 | D:3      | Noticed Natasha
  3378 | D:3      | Killed Natasha
  3384 | D:3      | Reached *** piety under Yredelemnul
  3613 | D:3      | Reached XP level 7. HP: 53/74 MP: 8/8
  4219 | D:4      | Found an ancient bone altar of Kikubaaqudgha.
  4226 | D:4      | Reached skill level 6 in Fighting
  4348 | D:4      | Found a blossoming altar of Fedhas.
  4367 | D:4      | Found Veiwk's Antique Weapon Emporium.
  4846 | D:4      | Found an ornate altar of the Wu Jian Council.
  5523 | D:5      | Entered Level 5 of the Dungeon
  5843 | D:5      | Reached XP level 8. HP: 25/84 MP: 10/10
  6177 | D:4      | Bought a twisted flail for 195 gold pieces
  6177 | D:4      | Identified the +7 flail of the Hummingbird {vorpal, rElec}
                  | (You bought it in a shop on level 4 of the Dungeon)
  6328 | D:5      | Reached skill level 7 in Fighting
  6546 | D:5      | Reached skill level 5 in Dodging
  6764 | D:6      | Reached skill level 5 in Shields
  6773 | D:6      | Found a staircase to the Ecumenical Temple.
  6890 | D:6      | HP: 1/87 [kobold brigand (7)]
  6892 | D:6      | Slain by a water moccasin

Illustrated notes

Levels and vault maps discovered:
D:1:      tarquinn_simple_flora_water_c, layout_loops_corners
D:2:      layout_basic, nrook_mini_vaults, kennysheep_generic_room_10
D:3:      layout_basic, grunt_dithmenos_smoke, nicolae_yredelemnul_ghost_church,
          shapermc_ecumenical_altar_mp_urbaneastern, serial_shops,
          nicolae_diamond_shop, uniq_natasha, uniq_grinder
D:4:      layout_cave_pools, fedhas_altar_3, kennysheep_vampire_church,
          mainiacjoe_overflow_paths, serial_shops, nicolae_shop_trees,
          minmay_door_square
D:5:      layout_loops_ring
D:6:      layout_basic, minmay_temple_entry_proselytizer, hangedman_decor_push

Skill      XL: |  1  2  3  4  5  6  7  8 |
---------------+-------------------------+-----
Maces & Flails | 2 3 4 |  4.7
Dodging        | 3 4 5 |  5.2
Shields        | 3 4 5 |  5.2
Fighting       | 5 6 7 |  7.4
Invocations    | 1 2 3 4 |  4.5

Action                   |  1- 3 |  4- 6 |  7- 9 || total
-------------------------+-------+-------+-------++-------
Melee: Flail             |   127 |   123 |   168 ||   418
Throw: Dart              |       |       |     2 ||     2
Invok: Recall Undead Har |       |       |     2 ||     2
  Use: Potion            |       |     1 |     1 ||     2
       Scroll            |       |       |     4 ||     4
 Stab: Sleeping          |     1 |       |       ||     1
       Distracted        |       |       |     2 ||     2
Armor: Robe              |    43 |    41 |    71 ||   155
Dodge: Dodged            |    45 |    45 |    78 ||   168
Block: Kite shield       |    52 |    44 |    80 ||   176

Table legend: (Time is in decaauts)
 A = Elapsed time spent in this place.
 B = Non-inter-level travel time spent in this place.
 C = Inter-level travel time spent in this place.
 D = Time resting spent in this place.
 E = Time spent auto-exploring this place.
 F = Levels seen in this place.
 G = Mean time per level.
                   A        B        C        D        E       F      G
               +--------+--------+--------+--------+--------+-----+--------+
         Total |   7073 |   6961 |    112 |    428 |   5234 |   6 | 1178.8 |
       Dungeon |   7073 |   6961 |    112 |    428 |   5234 |   6 | 1178.8 |
               +--------+--------+--------+--------+--------+-----+--------+

Top non-repeatable levels by time:
     D:3: 1812 daAuts
     D:4: 1718 daAuts
     D:1: 1351 daAuts
     D:2: 1084 daAuts
     D:5: 945 daAuts
     D:6: 162 daAuts
